 Dungeon Crawl Stone Soup version 0.32-a0-986-ga09f62fbf4 (webtiles) character file.

Game seed: 12645085608466695822

279 glaedl the Sneak (level 6, 0/54 HPs)
             Began as an Octopode Fire Elementalist on Apr 21, 2024.
             Was a Follower of Beogh.
             Succumbed to a gnoll's poison
             ... on level 3 of the Dungeon.
             The game lasted 00:10:35 (2833 turns).

glaedl the Sneak (Octopode Fire Elementalist)       Turns: 2833, Time: 00:10:36

Health: 0/54       AC: 23    Str:  7    XL:     6   Next: 26%
Magic:  4/9        EV:  2    Int: 23    God:    Beogh [*.....]
Gold:   274        SH:  0    Dex: 13    Spells: 6/9 levels left

rFire   . . .        a - +4 spear of the Boiling Point {protect, rCorr Int+4}
rCold   . . .        (no shield)
rNeg    . . .        (helmet currently unavailable)
rPois   +            (no amulet)
rElec   .            (no ring)
rCorr   +            (no ring)
SInv    .            (no ring)
Will    .....        (no ring)
Stlth   +++          (no ring)
HPRegen 0.29/turn    (no ring)
MPRegen 0.11/turn    (no ring)
                     (no ring)

%: no passive effects
@: lethally poisoned (0 -> 0), tree-form
A: stationary, stasis, torment immunity, boosted hp, almost no armour,
(amphibious), 8 rings, (camouflage 1), (gelatinous body 1), (nimble swimmer 1),
(tentacles)
a: Renounce Religion


You were on level 3 of the Dungeon.
You worshipped Beogh.
Beogh was aware of your devotion.
You were a tree.
You visited 1 branch of the dungeon, and saw 3 of its levels.

You collected 274 gold pieces.

Inventory:

Hand Weapons
 a - the +4 spear of the Boiling Point (weapon) {protect, rCorr Int+4}
   (You found it on level 2 of the Dungeon)

   Int+4:     It affects your intelligence (+4).
   rCorr:     It protects you from acid and corrosion.
Jewellery
 f - a ring of ice
Scrolls
 c - 2 scrolls of vulnerability {unknown}
 e - 3 scrolls of identify {unknown}


   Skills:
 + Level 3.7 Dodging
 - Level 5.0 Stealth
 + Level 2.0 Spellcasting
 + Level 3.0 Conjurations
 + Level 4.0 Fire Magic


You had 6 spell levels left.
You knew the following spells:

 Your Spells              Type           Power      Damage    Failure   Level
a - Foxfire               Conj/Fire      72%        2x1d7     3%          1
b - Scorch                Fire           42%        2d6       3%          2

Your spell library contained the following spells:

 Spells                   Type           Power      Damage    Failure   Level
 Freeze                   Ice            8%         1d3       13%         1
 Inner Flame              Hex/Fire       11%        N/A       17%         3
 Volatile Blastmotes      Fire/Tloc      22%        2d11      17%         3
 Hailstorm                Conj/Ice       9%         3d6       21%         3
 Flame Wave               Conj/Fire      18%        2d7       28%         4
 Frozen Ramparts          Ice            4%         1d1       36%         3


Dungeon Overview and Level Annotations

Branches:
Dungeon (3/15)

Altars:
Cheibriados
Fedhas
Zin

Shops:
D:2 [   D:3 :


Innate Abilities, Weirdness & Mutations

You are a tree.
Your roots penetrate the ground, keeping you stationary.
You cannot be teleported.
You are immune to unholy pain and torment.
Your maximum health is greatly increased.
You cannot wear most types of armour.
((You are amphibious.))
You can wear up to eight rings at the same time.
((Your skin changes colour to match your surroundings (Stealth+).))
((Your rubbery body absorbs attacks. (AC +1, EV +1)))
((You are camouflaged when in or above water. (Stealth+)))
((You have tentacles for arms and can constrict up to eight enemies at once.))


Message History

You reach to attack!
You closely miss the gnoll.
The gnoll is almost dead.
You feel very sick. The gnoll closely misses you.
You miscast Foxfire.
You are very lightly contaminated with residual magic.
Nothing appears to happen.
You feel very sick. The gnoll closely misses you.
You conjure some foxfire!
You feel sick.
The gnoll hits you from afar with a +1 halberd of venom!
* * * LOW HITPOINT WARNING * * *
You are lethally poisoned!
It was a potion of lignification.
You turn into a tree.
Your roots penetrate the ground.
* * * LOW HITPOINT WARNING * * *
You feel very sick.
The foxfire hits the gnoll.
You kill the gnoll!
Beogh accepts your kill.
It was a potion of enlightenment.
Your roots keep you in place.
* * * LOW HITPOINT WARNING * * *
You feel very sick.
* * * LOW HITPOINT WARNING * * *
You feel sick.
* * * LOW HITPOINT WARNING * * *
You feel sick.
Your enlightenment fades.
* * * LOW HITPOINT WARNING * * *
You feel sick.
Your magical contamination has completely faded away.
* * * LOW HITPOINT WARNING * * *
You feel sick.
* * * LOW HITPOINT WARNING * * *
You feel sick.
* * * LOW HITPOINT WARNING * * *
You feel sick.
* * * LOW HITPOINT WARNING * * *
You feel sick.
You die...

######## . .. ... #..
#..† ###
#....#################.#
#.)..))♣.....†..........
#.......................
##.###############..##.#
.. #...#.# # #.#....
#.##... #...._. #.##...
#..†)


There were no monsters in sight!

Vanquished Creatures
  Sigmund (D:2)
  Terence (D:2)
  3 gnolls (D:3)
  An adder (D:2)
  A dart slug (D:1)
  A ribbon worm (D:2)
  2 orcs (D:3)
  2 endoplasms
  4 giant cockroaches
  6 goblins
  6 hobgoblins
  4 jackals (D:2)
  5 kobolds
  3 quokkas
  5 ball pythons (D:1)
  5 bats
  4 frilled lizards
  7 rats
61 creatures vanquished.

Vanquished Creatures (collateral kills)
  4 foxfires (D:1)
4 creatures vanquished.

Vanquished Creatures (others)
  An orc (D:2)
  A rat (D:2)
  108 foxfires
110 creatures vanquished.

Grand Total: 175 creatures vanquished

Notes
Turn   | Place    | Note
-------+----------+-------------------------------------------
     0 | D:1      | glaedl the Octopode Fire Elementalist began the quest for
                  | the Orb.
     0 | D:1      | Reached XP level 1. HP: 11/11 MP: 3/3
   251 | D:1      | Reached skill level 3 in Stealth
   251 | D:1      | Reached XP level 2. HP: 15/17 MP: 1/5
   753 | D:1      | Reached XP level 3. HP: 15/21 MP: 4/6
  1316 | D:2      | Became a worshipper of Beogh the Shepherd
  1516 | D:2      | Found Xuenixoint's Armour Shop.
  1516 | D:2      | Noticed an animated gold dragon scales
  1517 | D:2      | Noticed an animated plate armour
  1528 | D:2      | Reached XP level 4. HP: 22/27 MP: 3/7
  1556 | D:2      | Learned a level 2 spell: Scorch
  1695 | D:2      | Noticed Terence
  1710 | D:2      | Killed Terence
  1711 | D:2      | Reached skill level 4 in Stealth
  1984 | D:2      | Noticed Sigmund
  1996 | D:2      | Killed Sigmund
  1997 | D:2      | Reached XP level 5. HP: 18/31 MP: 2/8
  1997 | D:2      | Reached XP level 6. HP: 21/36 MP: 2/9
  2073 | D:2      | Identified the +4 spear of the Boiling Point {protect,
                  | rCorr Int+4}
  2437 | D:3      | Found Pihytad's Book Shop.
  2609 | D:3      | Found a snail-covered altar of Cheibriados.
  2686 | D:3      | Found a glowing silver altar of Zin.
  2741 | D:3      | Found a blossoming altar of Fedhas.
  2743 | D:3      | Reached skill level 5 in Stealth
  2824 | D:3      | Reached * piety under Beogh
  2830 | D:3      | HP: 2/54 [poisoned by a gnoll]
  2833 | D:3      | Succumbed to a gnoll's poison

Illustrated notes

Levels and vault maps discovered:
D:1:      dpeg_arrival_erosion, layout_basic, dreamdust_mushroom_princess,
          minmay_tree_intersection, hangedman_abyss_or_decor_lesser_grid,
          minmay_pentomino_w2
D:2:      layout_basic, serial_shops, nicolae_shop_mannequins, uniq_sigmund,
          uniq_terence
D:3:      layout_basic, mainiacjoe_overflow_cross_hatched,
          amcnicky_altar_gilded, mainiacjoe_overflow_small_starburst,
          lemuel_tele_altar, serial_aquarium, aquarium_bridge_square
          [aquarium_subvault_bridge, aquarium_subvault_bridge,
          aquarium_subvault_bridge, aquarium_subvault_window],
          aquarium_window_corner, aquarium_window_corridor_3,
          aquarium_window_fake, aquarium_window_2, aquarium_view_2d,
          aquarium_view_2d, serial_shops, shop, minmay_quantized

Skill      XL: |  1  2  3  4  5  6 |
---------------+-------------------+-----
Stealth        | 3 4 5 |  5.0
Conjurations   | 2 3 |  3.0
Dodging        | 3 |  3.7
Fire Magic     | 4 |  4.0
Spellcasting   | |  2.0

Action                     |  1- 3 |  4- 6 || total
---------------------------+-------+-------++-------
  Melee: Unarmed           |    43 |     3 ||    46
         Tentacles         |    13 |     3 ||    16
         Constrict         |    19 |     5 ||    24
         Punch             |     1 |     1 ||     2
         Spear             |       |    11 ||    11
   Cast: Foxfire           |    48 |    35 ||    83
         Scorch            |       |     5 ||     5
 Invoke: Convert to Beogh  |     1 |       ||     1
    Use: Potion            |       |     3 ||     3
   Stab: Sleeping          |     5 |     1 ||     6
 Armour: Skin              |    19 |     5 ||    24
  Dodge: Dodged            |    27 |     9 ||    36

Table legend: (Time is in decaauts)
 A = Elapsed time spent in this place.
 B = Non-inter-level travel time spent in this place.
 C = Inter-level travel time spent in this place.
 D = Time resting spent in this place.
 E = Time spent auto-exploring this place.
 F = Levels seen in this place.
 G = Mean time per level.
                   A        B        C        D        E       F      G
               +--------+--------+--------+--------+--------+-----+--------+
         Total |   2833 |   2715 |    118 |     61 |   2299 |   3 |  944.3 |
       Dungeon |   2833 |   2715 |    118 |     61 |   2299 |   3 |  944.3 |
               +--------+--------+--------+--------+--------+-----+--------+

Top non-repeatable levels by time:
     D:1: 1237 daAuts
     D:2: 1169 daAuts
     D:3: 426 daAuts
